 Dungeon Crawl Stone Soup version 0.16-a0-3159-g1b9e691 (webtiles) character file.

2213 Johnny the Nimble (level 9, -6/69 HPs)
             Began as a Human Hunter on Dec 15, 2014.
             Mangled by a mottled dragon (11 damage)
             ... on level 6 of the Dungeon.
             The game lasted 00:13:40 (6260 turns).

Johnny the Nimble (Human Hunter)                    Turns: 6260, Time: 00:13:41

Health: -6/69      AC: 11    Str: 13    XL:     9   Next: 61%
Magic:  9/9        EV: 17    Int: 12    God:
Gold:   168        SH:  0    Dex: 16    Spells: 0 memorised, 8 levels left

rFire  . . .     SeeInvis .     b - +1 hand crossbow
rCold  + . .     Clarity  .     d - +0 leather armour
rNeg   . . .     SustAb   .     (no shield)
rPois  .         Gourm    .     h - +0 helmet
rElec  .         Spirit   .     C - +2 cloak
rCorr  .         Warding  .     g - +2 pair of gloves
rMut   .         Stasis   .     (no boots)
MR     .....                    (no amulet)
Stlth  +.........               B - ring of loudness (curse)
                                z - ring of protection from cold

@: liquid flames, glowing, not resistant to hostile enchantments, very
unstealthy
A: no striking features
a: no special abilities


You were on level 6 of the Dungeon.
You were hungry.

You visited 1 branch of the dungeon, and saw 6 of its levels.
You also visited: Sewer.

You collected 168 gold pieces.

Inventory:

Hand weapons
 a - a +0 short sword
 b - a +1 hand crossbow (weapon)
 c - a +0 trident of protection
 k - a +1 dagger of venom
 H - a +1 rapier of speed
 J - a +1 spear of venom
Missiles
 K - 10 bolts (quivered)
Armour
 d - a +0 leather armour (worn)
 g - a +2 pair of gloves (worn)
 h - a +0 helmet (worn)
 C - a +2 cloak (worn)
Jewellery
 y - a +6 ring of protection {unknown}
 z - a ring of protection from cold (left hand)
 B - a cursed ring of loudness (right hand)
 F - an uncursed ring of ice
Scrolls
 j - a scroll of recharging
 m - 2 scrolls of teleportation
 n - a scroll of immolation {unknown}
 o - 3 scrolls of noise {unknown}
 p - 2 scrolls of identify {unknown}
 q - a scroll of amnesia {unknown}
 u - 2 scrolls of fog
 x - a scroll of magic mapping {unknown}
 A - 3 scrolls of enchant weapon {unknown}
Potions
 e - a potion of heal wounds {unknown}
 i - a potion of ambrosia
 l - a potion of restore abilities
 r - 2 potions of might {unknown}
 s - 2 potions of brilliance {unknown}
 t - a potion of berserk rage {unknown}
 D - a potion of lignification {unknown}
 E - a potion of magic {unknown}
Books
 G - a book of Clouds

   Spells                             Type                      Level
   a - Mephitic Cloud                 Conjuration/Poison/Air       3
   b - Conjure Flame                  Conjuration/Fire             3
   c - Poisonous Cloud                Conjuration/Poison/Air       6
   d - Freezing Cloud                 Conjuration/Ice/Air          6
   e - Ring of Flames                 Charms/Fire                  7
Comestibles
 f - 4 bread rations
 v - a slice of pizza
 w - a meat ration
 I - a beef jerky


   Skills:
 + Level 5.8 Fighting
 * Level 5.8 Crossbows
 + Level 5.3 Armour
 * Level 8.5 Dodging
 - Level 1.0 Stealth


You had 8 spell levels left.
You didn't know any spells.

Dungeon Overview and Level Annotations

Branches:
Dungeon (6/15)             Temple (0/1) D:6

Altars:
Makhleb
Nemelex Xobeh
Ru
Zin

Shops:
D:5 =%:*=   D:6 *

Annotations:
D:4 Grinder


Message History

The splash of liquid fire hits you!
You are covered in liquid flames!
You are covered in liquid flames!
* * * LOW HITPOINT WARNING * * *
You feel less invigorated.
You feel less confused.
The mottled dragon spits sticky flame at you.
The splash of liquid fire misses you.
Firing (i - inventory):
K - 11 bolts (quivered)
Press: ? - help, Shift-Dir - straight line, f/p - mottled dragon
Aim: a mottled dragon (severely wounded, catching its breath)
You shoot a bolt.
The bolt hits the mottled dragon but does no damage.
The mottled dragon is severely wounded.
You are covered in liquid flames!
* * * LOW HITPOINT WARNING * * *
The mottled dragon misses you.
The mottled dragon claws you but does no damage.
The mottled dragon bites you!
You die...

#..# ##...##
#..###...##
#..)#..###
#.....##
###..).## ##
##..###.##
###.####..## #..#
##..(.#..###
##.## #(...D@.##
#..# #..(....(..#
##.##
#....((......#
##.#
#..............#
#.##
#..(...........#
##.#
#..............#
#.###
##.............##
##...
#..............#
#...
#............#
#...


You could see a mottled dragon.

Vanquished Creatures
  Pikel (D:5)
  Eustachio (D:5)
  A sky beast (D:6)
  2 orc warriors (D:6)
  An ice beast (D:6)
  Sigmund (D:3)
  An ogre (D:5)
  A centaur (D:6)
  3 gnoll sergeants (D:6)
  2 giant frogs (D:6)
  2 orc priests (D:6)
  A crimson imp (D:6)
  3 hounds (D:6)
  An orc wizard (D:6)
  A gnoll shaman (D:6)
  A giant frog skeleton (D:6)
  A killer bee zombie (D:6)
  A worker ant (D:5)
  7 adders
  17 gnolls
  A shadow imp (D:6)
  2 giant mites
  5 worms
  An adder skeleton (D:6)
  5 giant geckos
  14 orcs
  A ball python (D:3)
  8 giant cockroaches
  15 goblins
  11 hobgoblins
  7 jackals
  2 quokkas (D:3)
  15 bats
  6 giant newts
  9 kobolds
  35 rats
  A butterfly (D:6)
187 creatures vanquished.

Vanquished Creatures (others)
  A scorpion (D:5)
  A shadow imp (D:5)
  An adder zombie (D:5)
  A bat (D:5)
  A rat (D:5)
5 creatures vanquished.

Grand Total: 192 creatures vanquished

Notes
Turn   | Place    | Note
--------------------------------------------------------------
     0 | D:1      | Johnny, the Human Hunter, began the quest for the Orb.
     0 | D:1      | Reached XP level 1. HP: 16/16 MP: 1/1
   138 | D:1      | Reached XP level 2. HP: 22/22 MP: 2/2
   316 | D:1      | Found a sparkling altar of Nemelex Xobeh.
   547 | D:1      | Reached XP level 3. HP: 27/27 MP: 3/3
  1034 | D:2      | Reached skill level 5 in Crossbows
  1038 | D:2      | Found a burning altar of Makhleb.
  1197 | D:2      | Found a glowing silver altar of Zin.
  1197 | D:2      | Noticed an angel
  1198 | D:2      | Noticed a green death
  1250 | D:2      | Reached XP level 4. HP: 33/33 MP: 4/4
  1386 | D:3      | Found a sacrificial altar of Ru.
  1446 | D:3      | Found a glowing drain.
  1467 | Sewer    | Entered a sewer
  1479 | Sewer    | Reached XP level 5. HP: 24/38 MP: 5/5
  1763 | D:3      | Noticed Sigmund
  1781 | D:3      | Reached skill level 1 in Armour
  1794 | D:4      | Noticed Grinder
  2091 | D:3      | Killed Sigmund
  2091 | D:3      | Reached XP level 6. HP: 24/46 MP: 6/6
  3249 | D:5      | Entered Level 5 of the Dungeon
  3264 | D:5      | Found Lokhlan's Food Emporium.
  3313 | D:5      | Found Schafix's Jewellery Shoppe.
  3397 | D:5      | Found Ashuxiat's Book Boutique.
  3445 | D:5      | Noticed a slave
  3446 | D:5      | Noticed Pikel
  3446 | D:5      | Noticed a slave
  3451 | D:5      | Noticed a slave
  3462 | D:5      | Noticed a slave
  3464 | D:5      | Killed Pikel
  3464 | D:5      | Reached skill level 5 in Dodging
  3464 | D:5      | Reached XP level 7. HP: 48/54 MP: 7/7
  3464 | D:5      | Reached XP level 8. HP: 53/60 MP: 8/8
  3494 | D:5      | Found Shriwadu's Jewellery Emporium.
  3648 | D:5      | Found Rauxt's Assorted Antiques.
  4173 | D:5      | Noticed Eustachio
  4191 | D:5      | Killed Eustachio
  4191 | D:5      | Reached skill level 6 in Dodging
  4747 | D:6      | Found a staircase to the Ecumenical Temple.
  4790 | D:6      | Found Strewibb's General Store.
  5229 | D:6      | Reached skill level 7 in Dodging
  5247 | D:6      | Reached skill level 5 in Fighting
  5293 | D:6      | Reached XP level 9. HP: 32/68 MP: 9/9
  5730 | D:6      | Reached skill level 8 in Dodging
  5929 | D:6      | Reached skill level 5 in Armour
  6260 | D:6      | Mangled by a mottled dragon

Action                   |  1- 3 |  4- 6 |  7- 9 || total
-------------------------+-------+-------+-------++-------
Melee: Short sword       |     1 |       |   115 ||   116
       Dagger            |       |   294 |   338 ||   632
       Trident           |       |       |    34 ||    34
 Fire: Hand crossbow     |    70 |     5 |    24 ||    99
  Use: Potion            |       |     7 |     4 ||    11
       Scroll            |       |     4 |     1 ||     5
 Stab: Sleeping          |       |     4 |     1 ||     5
  Eat: Chunk             |       |     8 |     7 ||    15
       Fruit             |       |       |     4 ||     4
